 Dungeon Crawl Stone Soup version 0.30-a0-341-g682706514a (webtiles) character file.

Game seed: 5789603224378681300

134334 Kinoniko the Severer (level 16, 58/125 (128) HPs)
             Began as a Demonspawn Berserker on Nov 2, 2022.
             Was the Champion of Trog.
             Quit the game on level 2 of the Spider Nest on Nov 3, 2022.
             The game lasted 00:36:09 (25170 turns).

Kinoniko the Severer (Demonspawn Berserker)        Turns: 25170, Time: 00:36:10

HP:   58/125 (128)  AC: 21    Str: 26 (27) XL:     16   Next: 61%
MP:   16/16         EV: 13    Int: 10      God:    Trog [******]
Gold: 2187          SH:  9    Dex: 13      Spells: 15/15 levels left

rFire   + . .      SeeInvis .    y - +7 war axe of the Establishment {spect, rElec rC+}
rCold   + . .      Faith    +    G - +3 buckler
rNeg    . . .      Spirit   .    D - +0 plate armour "Cojesk" {Str+3}
rPois   .          Reflect  .    u - +0 helmet
rElec   +          Harm     .    X - +0 cloak
rCorr   .          Rampage  .    (gloves unavailable)
Will    ++...                    n - +2 pair of boots
Stlth   ..........               x - amulet of faith
HPRegen 4.40/turn                P - ring of Departure {Fly Slay+2}
MPRegen 0.15/turn                h - ring of willpower

@: mildly poisoned (58 -> 57), flying, studying 3 skills, lightly drained
A: ignite blood 1, powered by death 2, sturdy frame 2, bedeviling, demonic touch
3, fire resistance 1
a: Renounce Religion, Berserk, Trog's Hand, Brothers in Arms


You were on level 2 of the Spider Nest.
You worshipped Trog.
Trog was exalted by your worship.
You visited 4 branches of the dungeon, and saw 24 of its levels.
You also visited: Bailey and Gauntlet.

You collected 2832 gold pieces.
You spent 645 gold pieces at shops.

Inventory:

Hand Weapons
 y - the +7 war axe of the Establishment (weapon) {spect, rElec rC+}
   (You found it on level 2 of the Lair of Beasts)

   When its wielder attacks, the weapon's spirit leaps out and strikes again.
   The spirit shares a part of any damage it takes with its wielder.
   rC:        It protects you from cold.
   rElec:     It insulates you from electricity.
 B - the +4 arbalest of Xom's Generosity {flame, rElec}
   (You took it off a minotaur in a Gauntlet)

   Any ammunition fired from it burns those it strikes, dealing additional fire
   damage.
   rElec:     It insulates you from electricity.
 M - a +2 vorpal broad axe
 S - a +4 battleaxe of flaming
Missiles
 K - 5 throwing nets (quivered)
Armour
 n - a +2 pair of boots (worn)
 u - a +0 helmet (worn)
 D - the +0 plate armour "Cojesk" (worn) {Str+3}
   (You found it on level 3 of the Lair of Beasts)

   Str:       It affects your strength (+3).
 G - a +3 buckler (worn)
 X - a +0 cloak (worn)
Jewellery
 f - a ring of protection from cold
 h - a ring of willpower (right hand)
 k - a +4 ring of protection
 t - a ring of protection from fire
 x - an amulet of faith (around neck)
 A - the ring "Cearosa" {rC+ rN++ Str+6 Int-4 Dex+2}
   (You found it in a Gauntlet)

   [ring of strength]

   Str:       It affects your strength (+6).
   Int:       It affects your intelligence (-4).
   Dex:       It affects your dexterity (+2).
   rC:        It protects you from cold.
   rN:        It greatly protects you from negative energy.
 L - a +4 ring of evasion
 P - the ring of Departure (left hand) {Fly Slay+2}
   (You found it on level 7 of the Dungeon)

   [ring of flight]

   Slay:      It affects your accuracy & damage with ranged weapons and melee
   (+2).
   Fly:       It grants you flight.
 Q - a ring of resist corrosion
 R - a ring of protection from cold
 T - a ring of protection from fire
Wands
 b - a wand of acid (7)
 s - a wand of roots (45)
 F - a wand of mindburst (22)
 O - a wand of flame (48)
 Y - a wand of paralysis (14)
 Z - a wand of polymorph (7)
Scrolls
 a - a scroll of fear
 c - 10 scrolls of teleportation
 d - a scroll of silence
 g - 5 scrolls of fog
 j - a scroll of torment
 l - 6 scrolls of immolation
 p - 4 scrolls of magic mapping
 r - 4 scrolls of poison
 v - a scroll of enchant weapon
 w - a scroll of summoning
 H - a scroll of vulnerability
 U - 7 scrolls of blinking
 V - 9 scrolls of identify
 W - a scroll of brand weapon
Potions
 i - 16 potions of curing
 m - 7 potions of lignification
 o - 2 potions of might
 q - 6 potions of mutation
 z - 5 potions of haste
 C - a potion of resistance
 E - 4 potions of attraction
 I - 6 potions of berserk rage
 J - a potion of magic
Miscellaneous
 N - a condenser vane


   Skills:
 + Level 12.3 Fighting
 * Level 17.5(18.4) Axes
 - Level 9.5(14.6) Maces & Flails
 + Level 11.1 Armour
 + Level 11.2 Dodging
 - Level 7.9 Shields


You had 15 spell levels left.
You didn't know any spells.
Your spell library contained the following spells:

 Spells                   Type           Power      Damage    Failure   Level
 Sublimation of Blood     Necr           0%         N/A       95%         2
 Wereblood                Tmut           0%         N/A       95%         2
 Stone Arrow              Conj/Erth      0%         3d7       99%         3
 Summon Guardian Golem    Hex/Summ       0%         N/A       99%         3
 Animate Armour           Summ/Erth      0%         N/A       100%        4
 Orb of Destruction       Conj           0%         9d5       100%        7
 Spellforged Servitor     Conj/Summ      0%         N/A       100%        7
 Summon Hydra             Summ           0%         N/A       100%        7
 Lehudib's Crystal Spear  Conj/Erth      0%         10d2      100%        8


Dungeon Overview and Level Annotations

Branches:
Dungeon (15/15)            Temple (0/1) D:5            Lair (5/5) D:10
 Shoals (0/4) Lair:3       Spider (2/4) Lair:3        Slime (0/5) Lair:5
    Orc (2/2) D:11            Elf (0/3) Orc:2        Vaults (0/5) D:13
 Depths (0/4) D:15         Bailey (visited)         Gauntlet (visited)

Altars:
Ashenzari
Makhleb
Nemelex Xobeh
Ru
Sif Muna
Jiyva

Shops:
D:10 :   D:15 (   Orc:2 (*[=(:

Annotations:
D:9 1 runed translucent door, Voker57's ghost, novice DsGl


Innate Abilities, Weirdness & Mutations

Your demonic aura sometimes causes spilled blood to erupt in flames.
You regenerate health from kills.
Your movements are less encumbered by armour. (ER -4)
Your hexes are more powerful.
Your touch may irresistibly damage your foes and sap their willpower.
Your flesh is heat resistant. (rF+)


Message History

The culicivora bites you!
The culicivora draws strength from your injuries!
You miss the culicivora.
The culicivora is severely wounded.
Your +7 war axe of the Establishment {spect, rElec rC+} hits the culicivora.
The pharaoh ant bites your +7 war axe of the Establishment {spect, rElec rC+}!
Your spectral weapon shares its damage with you!
The culicivora barely misses you.
You slash the culicivora!
You kill the culicivora!
Trog accepts your kill.
You slice the pharaoh ant!!
The pharaoh ant is almost destroyed.
You slash the wolf spider! You block the wolf spider's attack.
The wolf spider bites you.
You are poisoned.
The wolf spider poisons you! The pharaoh ant bites you!
You feel drained.
Unknown command.
You barely miss the pharaoh ant.
The pharaoh ant is almost destroyed.
You barely miss the wolf spider.
You feel very sick. The wolf spider barely misses you.
The wolf spider bites you. The pharaoh ant bites you!
The wolf spider hits you but does no damage.
You block the wolf spider's attack.
You slash the pharaoh ant!
You destroy the pharaoh ant!
Trog accepts your kill.
The pharaoh ant binds the souls of nearby monsters.
You barely miss the wolf spider.
Your +7 war axe of the Establishment {spect, rElec rC+} hits the wolf spider!
You feel very sick. The wolf spider hits you!
The wolf spider barely misses you.
You are too injured to fight recklessly!
You are too injured to fight recklessly!
You are too injured to fight recklessly!
You are too injured to fight recklessly!
You are too injured to fight recklessly!
Are you sure you want to abandon this character and quit the game? (Confirm with "yes".)

..........# #.. ..#
..........# ##.##..#
..........# #.....#
..........# #.....##
..........###......#
..........##.......##
..........#.........#
#....(@......<.....#
......s##..#..........
.###### #..#..........
#.##..........
..##..........
#..##..........
#.###......#### ..
#####..# #./


You could see a wolf spider (soul bound) and a friendly +7 war axe of the
Establishment {spect, rElec rC+} (summoned).

Vanquished Creatures
  2 ghost moths (Spider:1)
  The ghost of Jaorgh the Quickloader, a journeyman GnHu of Hepliaklqana (D:15)
  An orc warlord (Orc:2)
  A minotaur (Gauntlet)
  An entropy weaver (Spider:1)
  2 fire dragons (D:15)
  2 yaktaur captains (D:15)
  A vault guard (D:13)
  A jorogumo (Spider:1)
  9 hydras
  4 ogre magi
  6 centaur warriors
  A death knight (D:13)
  A radroach (Spider:1)
  4 boulder beetles
  24 death yaks
  9 two-headed ogres
  4 tengu warriors (D:15)
  5 orc high priests
  Sonja (Lair:2)
  2 fire crabs (Lair:5)
  Lodul (D:13)
  Nergalle (Lair:2)
  2 orb spiders (Spider:1)
  5 steelbarb worms (Spider:1)
  A pharaoh ant (Spider:2)
  3 wizards (D:15)
  A deep elf archer (D:15)
  4 orc knights
  Pikel (D:5)
  17 ugly things
  3 deep elf pyromancers
  2 shining eyes (shapeshifter)
  16 orc sorcerers
  A necromancer (D:15)
  3 cyclopes
  2 manticores
  3 wolf spiders
  2 salamanders (shapeshifter)
  A guardian serpent (shapeshifter) (Gauntlet)
  3 centaur zombies (D:15)
  4 elephants (Lair:5)
  7 black mambas
  A gargoyle (D:11)
  16 cane toads
  2 torpor snails
  4 demonic crawlers (Spider:1)
  A yaktaur (D:13)
  Psyche (D:9)
  6 komodo dragons
  A rime drake (Lair:1)
  A freezing wraith (D:15)
  2 efreet
  A tengu conjurer (D:15)
  3 polar bears
  2 trolls
  Prince Ribbit (Lair:1)
  8 tarantellas (Spider:1)
  8 hornets
  2 slime creatures (D:13)
  8 blink frogs
  A dream sheep (Lair:5)
  12 jumping spiders (Spider:1)
  Sigmund (D:2)
  13 spriggans (Lair:5)
  A wraith (D:14)
  A centaur simulacrum (Gauntlet)
  4 culicivoras
  2 shadows
  4 wyverns
  2 basilisks
  A vampire (D:9)
  43 yaks
  2 redback simulacra (Gauntlet)
  3 steam dragons
  A golden eye (shapeshifter) (D:13)
  17 redbacks
  5 wargs
  13 vampire mosquitoes
  A harpy simulacrum (Gauntlet)
  Edmund (D:5)
  17 water moccasins
  Duvessa (D:7)
  2 floating eyes (Orc:1)
  38 orc warriors
  An ice beast (D:7)
  9 black bears
  A hornet zombie (D:15)
  5 sky beasts
  11 ogres
  40 wolves
  8 centaurs
  3 boggarts (Lair:5)
  A lemure (D:5)
  3 phantoms
  2 kobold brigands
  A necrophage (D:5)
  12 bullfrogs
  Blork the orc (D:5)
  10 gnoll sergeants
  2 scorpions (D:6)
  16 wights
  Dowan (D:7)
  12 killer bees
  3 howler monkeys
  An electric eel (Lair:5)
  8 hounds
  A jelly (D:6)
  9 gnoll boudas
  16 orc priests
  Ijyb (D:3)
  23 orc wizards
  6 iguanas
  A hell rat (Lair:2)
  A boggart simulacrum (Gauntlet)
  11 adders
  34 gnolls
  A shadow imp (D:7)
  A dart slug (D:1)
  62 orcs
  2 endoplasms
  4 giant cockroaches
  6 goblins
  3 hobgoblins
  3 quokkas
  8 ball pythons
  2 bats
  A frilled lizard (D:2)
  10 kobolds
  2 rats
778 creatures vanquished.

Vanquished Creatures (others)
  42 fungi
  53 plants
95 creatures vanquished.

Grand Total: 873 creatures vanquished

Notes
Turn   | Place    | Note
-------+----------+-------------------------------------------
     0 | D:1      | Kinoniko the Demonspawn Berserker began the quest for the
                  | Orb.
     0 | D:1      | Reached XP level 1. HP: 18/18 MP: 1/1
   325 | D:1      | Gained mutation: Your touch may inflict minor irresistible
                  | damage on your foes. [demonic ancestry]
   325 | D:1      | Reached XP level 2. HP: 9/24 MP: 2/2
   436 | D:1      | Found a faded altar of an unknown god.
  1122 | D:2      | Noticed Sigmund
  1133 | D:2      | Killed Sigmund
  1134 | D:2      | Reached skill level 5 in Maces & Flails
  1134 | D:2      | Reached XP level 3. HP: 29/29 MP: 3/3
  1134 | D:2      | Gained mutation: Your touch may inflict irresistible damage
                  | on your foes. [demonic ancestry]
  1134 | D:2      | Reached XP level 4. HP: 35/35 MP: 4/4
  1134 | D:2      | Reached XP level 5. HP: 41/41 MP: 5/5
  1431 | D:2      | Noticed a phantom
  1438 | D:2      | Killed a phantom
  1439 | D:2      | Gained mutation: Your movements are slightly less
                  | encumbered by armour. (ER -2) [demonic ancestry]
  1439 | D:2      | Reached XP level 6. HP: 47/47 MP: 6/6
  1723 | D:3      | Noticed Ijyb
  1734 | D:3      | Killed Ijyb
  1947 | D:3      | Reached ** piety under Trog
  2889 | D:4      | Identified the +1 leather armour of Duirch {Drain Int+5
                  | Dex+8}
  3022 | D:5      | Entered Level 5 of the Dungeon
  3057 | D:5      | HP: 1/38 [necrophage (3)]
  3061 | D:5      | Reached skill level 1 in Shields
  3349 | D:5      | Noticed Edmund
  3363 | D:5      | Killed Edmund
  3364 | D:5      | Gained mutation: Your demonic aura sometimes causes spilled
                  | blood to erupt in flames. [demonic ancestry]
  3364 | D:5      | Reached XP level 7. HP: 15/52 MP: 7/7
  3704 | D:5      | Found a staircase to the Ecumenical Temple.
  4015 | D:5      | Noticed Blork the orc
  4020 | D:5      | Killed Blork the orc
  4021 | D:5      | Gained mutation: Your touch may irresistibly damage your
                  | foes and sap their willpower. [demonic ancestry]
  4021 | D:5      | Reached XP level 8. HP: 58/58 MP: 8/8
  4150 | D:5      | Noticed Pikel
  4164 | D:5      | Killed Pikel
  4746 | D:6      | Reached skill level 1 in Axes
  4772 | D:6      | Reached skill level 2 in Axes
  4890 | D:6      | Reached XP level 9. HP: 50/63 MP: 9/9
  4955 | D:6      | Reached skill level 3 in Axes
  4955 | D:6      | Reached skill level 5 in Shields
  4955 | D:6      | Reached *** piety under Trog
  5010 | D:6      | Found a shimmering blue altar of Sif Muna.
  5120 | D:6      | Reached skill level 4 in Axes
  5715 | D:7      | Reached skill level 5 in Axes
  6053 | D:7      | Identified the ring of Departure {Fly Slay+2}
  6060 | D:7      | Noticed Duvessa
  6061 | D:7      | Noticed Dowan
  6065 | D:7      | Killed Duvessa
  6066 | D:7      | Reached skill level 6 in Axes
  6070 | D:7      | Killed Dowan
  6309 | D:8      | Noticed a manticore
  6310 | D:8      | Found a flagged portal.
  6317 | D:8      | Killed a manticore
  6318 | D:8      | Gained mutation: You regenerate a little health from kills.
                  | [demonic ancestry]
  6318 | D:8      | Reached XP level 10. HP: 42/70 MP: 10/10
  6436 | Bailey   | Entered a bailey
  6449 | Bailey   | Reached **** piety under Trog
  6679 | Bailey   | Reached skill level 7 in Axes
  7485 | Bailey   | Reached skill level 8 in Axes
  8215 | D:8      | Paralysed by a hornet for 2 turns
  8669 | D:8      | Reached skill level 9 in Axes
  9275 | D:8      | Noticed an angel
  9448 | D:9      | Noticed Psyche
  9486 | D:9      | Killed Psyche
  9745 | D:9      | Found a runed translucent door.
  9745 | D:9      | Noticed Voker57's ghost (novice DsGl)
  9788 | D:9      | Gained mutation: Your movements are less encumbered by
                  | armour. (ER -4) [demonic ancestry]
  9788 | D:9      | Reached XP level 11. HP: 75/75 MP: 11/11
 10173 | D:9      | Found a sacrificial altar of Ru.
 10481 | D:10     | Entered Level 10 of the Dungeon
 10532 | D:10     | Found Rovyhi's Book Boutique.
 10554 | D:10     | Reached skill level 10 in Axes
 10554 | D:10     | Found a broken altar of Ashenzari.
 10599 | D:10     | Found a burning altar of Makhleb.
 10608 | D:10     | Found a sparkling altar of Nemelex Xobeh.
 10646 | D:10     | Reached ***** piety under Trog
 10700 | D:10     | Found a staircase to the Lair.
 10867 | D:10     | Noticed a two-headed ogre
 10873 | D:10     | Killed a two-headed ogre
 11015 | Lair:1   | Entered Level 1 of the Lair of Beasts
 11177 | Lair:1   | Noticed Prince Ribbit
 11180 | Lair:1   | Killed Prince Ribbit
 11501 | Lair:1   | Reached skill level 5 in Fighting
 12359 | Lair:1   | Reached skill level 11 in Axes
 12858 | Lair:1   | Noticed an eight-headed hydra
 12866 | Lair:1   | Killed a three-headed hydra
 13355 | Lair:2   | Reached XP level 12. HP: 86/86 MP: 12/12
 13369 | Lair:2   | Received a gift from Trog
 13465 | Lair:2   | Noticed Sonja
 13512 | Lair:2   | Killed Sonja
 13513 | Lair:2   | Reached skill level 5 in Armour
 13513 | Lair:2   | Reached skill level 5 in Dodging
 13971 | Lair:2   | Identified the +7 war axe of the Establishment {spect,
                  | rElec rC+}
 14351 | Lair:2   | Noticed a four-headed hydra
 14360 | Lair:2   | Killed a nine-headed hydra
 14388 | Lair:2   | Noticed Nergalle
 14394 | Lair:2   | Killed Nergalle
 14632 | Lair:2   | Reached skill level 12 in Axes
 14880 | Lair:2   | Noticed a five-headed hydra
 14889 | Lair:2   | Killed a 14-headed hydra
 15260 | Lair:3   | Found a hole to the Spider Nest.
 15300 | Lair:3   | Noticed a death yak
 15305 | Lair:3   | Noticed a death yak
 15305 | Lair:3   | Noticed a death yak
 15309 | Lair:3   | Killed a death yak
 15315 | Lair:3   | Killed a death yak
 15319 | Lair:3   | Killed a death yak
 15334 | Lair:3   | Gained mutation: You regenerate health from kills. [demonic
                  | ancestry]
 15334 | Lair:3   | Reached XP level 13. HP: 54/96 MP: 13/13
 15447 | Lair:3   | Found a staircase to the Shoals.
 15563 | Lair:3   | Reached skill level 13 in Axes
 15593 | Lair:3   | Identified the +0 plate armour "Cojesk" {Str+3}
 17102 | Lair:5   | Entered Level 5 of the Lair of Beasts
 17407 | Lair:5   | Reached skill level 14 in Axes
 17509 | Lair:5   | Reached XP level 14. HP: 108/108 MP: 14/14
 17573 | Lair:5   | Reached ****** piety under Trog
 17587 | Lair:5   | Received a gift from Trog
 17883 | Lair:5   | Found a staircase to the Slime Pits.
 17883 | Lair:5   | Found a viscous altar of Jiyva.
 18549 | D:11     | Received a gift from Trog
 18570 | D:11     | Found a staircase to the Orcish Mines.
 19042 | D:12     | Reached skill level 15 in Axes
 19655 | D:13     | Reached skill level 10 in Fighting
 19780 | D:13     | Identified a scroll of acquirement
 19781 | D:13     | Acquired a manual of Shields
 20082 | D:13     | Noticed Lodul
 20093 | D:13     | Killed Lodul
 20177 | D:13     | Found a gate to the Vaults.
 20212 | D:13     | Received a gift from Trog
 20602 | Orc:1    | Entered Level 1 of the Orcish Mines
 20720 | Orc:2    | Entered Level 2 of the Orcish Mines
 20725 | Orc:2    | Found Ogusm's Book Emporium.
 20851 | Orc:2    | Found a staircase to the Elven Halls.
 20867 | Orc:2    | Gained mutation: Your hexes are more powerful. [demonic
                  | ancestry]
 20867 | Orc:2    | Reached XP level 15. HP: 116/116 MP: 15/15
 20887 | Orc:2    | Paralysed by an orc sorcerer for 5 turns
 20917 | Orc:1    | Received a gift from Trog
 20985 | Orc:1    | Paralysed by an orc sorcerer for 3 turns
 20996 | Orc:1    | Paralysed by a floating eye for 2 turns
 21019 | Orc:1    | Paralysed by a floating eye for 2 turns
 21024 | Orc:1    | Paralysed by an orc sorcerer for 4 turns
 21305 | Orc:2    | Found Kaip's General Store.
 21313 | Orc:2    | Reached skill level 16 in Axes
 21334 | Orc:2    | Bought a condenser vane for 600 gold pieces
 21334 | Orc:2    | Bought a potion of curing for 45 gold pieces
 21413 | Orc:2    | Found Kaapeath's Weapon Shop.
 21417 | Orc:2    | Found Pigaot's Jewellery Boutique.
 21473 | Orc:2    | Found Hyizuon's Antique Weapon Emporium.
 21498 | Orc:2    | Found Fiedeam's Antique Armour Shoppe.
 21857 | D:14     | Found a gate leading to a gauntlet.
 21873 | Gauntlet | Entered a Gauntlet
 21873 | Gauntlet | Found a transporter.
 21873 | Gauntlet | Found a transporter.
 21873 | Gauntlet | Found a transporter.
 21874 | Gauntlet | Found a transporter.
 21877 | Gauntlet | Found a transporter.
 21891 | Gauntlet | Found a transporter.
 21914 | Gauntlet | Found a transporter.
 21935 | Gauntlet | Found a transporter.
 21954 | Gauntlet | Found a transporter.
 21962 | Gauntlet | Found a transporter.
 21982 | Gauntlet | Found a transporter.
 22031 | Gauntlet | Found a transporter.
 22122 | Gauntlet | Reached skill level 10 in Dodging
 22125 | Gauntlet | Reached skill level 10 in Armour
 22133 | Gauntlet | Identified the ring "Cearosa" {rC+ rN++ Str+6 Int-4 Dex+2}
 22155 | Gauntlet | Identified the +4 arbalest of Xom's Generosity {flame,
                  | rElec}
 22769 | D:15     | Entered Level 15 of the Dungeon
 22779 | D:15     | Received a gift from Trog
 23045 | D:15     | Noticed Jaorgh's ghost (journeyman GnHu)
 23050 | D:15     | Found a runed translucent gate.
 23050 | D:15     | Found a runed translucent gate.
 23050 | D:15     | Found a runed translucent gate.
 23445 | D:15     | Reached XP level 16. HP: 126/126 MP: 16/16
 23666 | D:15     | Found Ukhakoitse's Weapon Boutique.
 23791 | D:15     | Found a staircase to the Depths.
 23920 | D:15     | Reached skill level 17 in Axes
 23923 | D:15     | Gained mutation: Your flesh is heat resistant. (rF+) [a
                  | shining eye]
 23928 | D:15     | Killed Jaorgh's ghost
 24134 | Spider:1 | Entered Level 1 of the Spider Nest
 24167 | Spider:1 | Identified the +7 great mace of Vannof {flame, rPois} (Trog
                  | gifted it to you on level 1 of the Spider Nest)
 24167 | Spider:1 | Received a gift from Trog
 24574 | Spider:1 | HP: 1/127 [steelbarb worm (17)]
 24659 | Spider:1 | Paralysed by a jorogumo for 1 turns
 25170 | Spider:2 | Quit the game

Illustrated notes

Levels and vault maps discovered:
D:1:      elethiomel_arrival_shortcut, layout_loops_corners,
          shapermc_ecumenical_altar_mp_urbaneastern, due_unseen_surprise
D:2:      layout_basic, minmay_misc_feat_ornament, minmay_misc_feat_roman,
          uniq_sigmund
D:3:      layout_basic, grunt_decor_resistance, chequers_jeans, uniq_ijyb
D:4:      layout_basic
D:5:      layout_loops_corners, minmay_temple_entry_ruins, feat_on_display,
          uniq_edmund, uniq_blork_the_orc, uniq_pikel
D:6:      layout_gridville, mainiacjoe_overflow_alcove_4
D:7:      layout_cave_pools, moated_statue, uniq_duvessa
D:8:      layout_loops_corners, zin_angel, enter_bailey_1,
          chequers_serial_rivers_small_b
D:9:      layout_stronghold, lemuel_coloured_pillars_altar,
          hellmonk_ghost_happy_afterlife, uniq_psyche
D:10:     layout_rooms, chequers_temple_overflow_statue_of_worship,
          erik_lair_orcish_takeover, serial_shops, shop
D:11:     layout_small_grid, david_orc_4
D:12:     layout_gridville, item_on_display_a
D:13:     layout_roguey, david_vaults_5, grunt_ministairs_14, uniq_lodul
D:14:     layout_rooms, serial_park_paths [serial_park_minivault_5x5_3],
          gauntlet_entry_generic
D:15:     grunt_enter_depths_magical_seal, layout_basic, gammafunk_ghost_split,
          serial_shops, shop, hangedman_abyss_or_decor_stabs,
          serial_bayou_pond_e, minmay_fractal_squares_gapless_7
Lair:1:   cheibrodos_lair_river_kwai, layout_long_grid, grunt_megastairs_2,
          uniq_prince_ribbit2
Lair:2:   layout_gridlike, st_stairs_10, chequers_serial_rivers_small_3,
          minmay_shattered_shrine, uniq_sonja, uniq_nergalle
Lair:3:   layout_regular_city, minmay_shoals_entry_centaurs, spider_nest_entry_a
Lair:4:   layout_loops_ring, serial_bayou_shore_a, serial_bayou_shore_b
Lair:5:   minmay_lair_end_enchanted_forest, layout_gridlike, slime_entry_1,
          lookout_lair_type
Spider:1: lemuel_spider_zombies, nicolae_spider_jagged_tunnels
Spider:2: layout_chambers, hangedman_spider_tarantella_strand, uniq_mlioglotl
Orc:1:    hellmonk_paralyzer, layout_caves
Orc:2:    grunt_orc_gardens, layout_diamond_mine, grunt_orc_garden,
          grunt_orc_garden, grunt_orc_garden, grunt_orc_garden,
          guppyfry_orc_lava_fort

Skill      XL: |  1  2  3  4  5  6  7  8  9 10 11 12 13 14 15 16 |
---------------+-------------------------------------------------+-----
Maces & Flails | 3 5 6 7 8 9 |  9.5
Shields        | 1 3 4 6 7 |  7.9
Axes           | 2 6 9 11 12 14 15 16 17 | 17.5
Armour         | 2 4 6 7 9 10 11 | 11.1
Dodging        | 2 4 6 7 9 10 11 | 11.2
Fighting       | 5 7 9 10 11 12 | 12.3

Action                   |  1- 3 |  4- 6 |  7- 9 | 10-12 | 13-15 | 16-18 || total
-------------------------+-------+-------+-------+-------+-------+-------++-------
Melee: Mace              |    51 |   119 |    34 |       |       |       ||   204
       Touch             |     7 |    10 |       |       |       |       ||    17
       Punch             |       |     1 |       |       |       |       ||     1
       Flail             |       |       |    48 |       |       |       ||    48
       Hand axe          |       |       |   184 |   236 |       |       ||   420
       Battleaxe         |       |       |       |   276 |       |       ||   276
       War axe           |       |       |       |    72 |   687 |   192 ||   951
Invok: Berserk           |     1 |     4 |     8 |    20 |    11 |     3 ||    47
       Trog's Hand       |       |       |       |       |     1 |     2 ||     3
  Use: Scroll            |       |     7 |     7 |    10 |    14 |       ||    38
       Potion            |       |     3 |       |     4 |     1 |     2 ||    10
 Stab: Sleeping          |     2 |       |     2 |     3 |       |       ||     7
       Distracted        |       |       |       |     2 |    10 |     3 ||    15
Armor: Animal skin       |    12 |     1 |       |       |       |       ||    13
       Leather armour    |       |    10 |    74 |    69 |     9 |       ||   162
       Ring mail         |       |     4 |       |       |       |       ||     4
       Steam dragon scal |       |       |    19 |   127 |       |       ||   146
       Skin              |       |       |       |    16 |       |       ||    16
       Plate armour      |       |       |       |       |   290 |    94 ||   384
Dodge: Dodged            |    38 |    52 |   128 |   362 |   281 |   103 ||   964
Block: Buckler           |       |    11 |    97 |   121 |   230 |    68 ||   527
       Other             |       |     2 |       |       |       |       ||     2

Table legend: (Time is in decaauts)
 A = Elapsed time spent in this place.
 B = Non-inter-level travel time spent in this place.
 C = Inter-level travel time spent in this place.
 D = Time resting spent in this place.
 E = Time spent auto-exploring this place.
 F = Levels seen in this place.
 G = Mean time per level.
                   A        B        C        D        E       F      G
               +--------+--------+--------+--------+--------+-----+--------+
         Total |  25377 |  23902 |   1475 |   4328 |  15556 |  26 |  976.0 |
       Dungeon |  14009 |  13024 |    985 |   1358 |   9564 |  15 |  933.9 |
          Lair |   7212 |   6837 |    375 |   1268 |   4620 |   5 | 1442.4 |
   Spider Nest |   1003 |    949 |     54 |    391 |    316 |   2 |  501.5 |
  Orcish Mines |   1043 |    984 |     59 |     14 |    730 |   2 |  521.5 |
        Bailey |   1641 |   1641 |      0 |   1143 |    135 |   1 | 1641.0 |
      Gauntlet |    465 |    465 |      0 |    152 |    191 |   1 |  465.0 |
               +--------+--------+--------+--------+--------+-----+--------+

Top non-repeatable levels by time:
  Lair:1: 2112 daAuts
  Lair:2: 1959 daAuts
     D:5: 1676 daAuts
  Bailey: 1641 daAuts
     D:8: 1449 daAuts
     D:9: 1322 daAuts
    D:15: 1193 daAuts
  Lair:5: 1154 daAuts
  Lair:3: 996 daAuts
Spider:1: 991 daAuts
  Lair:4: 990 daAuts
    D:13: 954 daAuts
     D:1: 908 daAuts
     D:6: 902 daAuts
     D:2: 811 daAuts
